 Dungeon Crawl Stone Soup version 0.28.0-45-g0d030f2227 (webtiles) character file.

Game seed: 11650144948327263024

156 NinjaNoafa the Sneak (level 5, 0/32 HPs)
             Began as a Kobold Brigand on Apr 12, 2022.
             Slain by a gnoll
             ... wielding a +0 spear
              (5 damage)
             ... on level 3 of the Dungeon.
             The game lasted 00:07:06 (3366 turns).

NinjaNoafa the Sneak (Kobold Brigand)               Turns: 3366, Time: 00:07:06

Health: 0/32       AC: 11    Str:  8      XL:     5   Next: 65%
Magic:  5/5        EV: 15    Int: 12 (13) God:
Gold:   124        SH:  0    Dex: 16 (18) Spells: 4/4 levels left

rFire   . . .      SeeInvis .   m - +0 dagger (protect)
rCold   . . .      Faith    .   (no shield)
rNeg    . . .      Spirit   .   b - +0 robe
rPois   .          Reflect  .   (no helmet)
rElec   .          Harm     .   c - +0 cloak
rCorr   .          Rampage  .   (no gloves)
Will    .....                   j - +0 pair of boots
Stlth   ++++......              (no amulet)
HPRegen 0.10/turn               (no ring)
MPRegen 0.09/turn               (no ring)

@: under a protective aura
A: small, no large weapons, nightstalker 3
a: no special abilities


You were on level 3 of the Dungeon.
You visited 1 branch of the dungeon, and saw 3 of its levels.

You collected 124 gold pieces.

Inventory:

Hand Weapons
 a - a +2 dagger
 f - a +0 hunting sling
 m - a +0 dagger of protection (weapon)
Missiles
 d - a poisoned dart (quivered)
 g - 36 stones
 i - 60 arrows
 l - 17 sling bullets
Armour
 b - a +0 robe (worn)
 c - a +0 cloak (worn)
 e - a +0 pair of gloves
 j - a +0 pair of boots (worn)
Jewellery
 o - a ring of positive energy
Wands
 p - a wand of iceblast (1)
Scrolls
 n - a scroll of magic mapping


   Skills:
 + Level 3.2 Fighting
 + Level 4.0 Short Blades
 + Level 3.2 Throwing
 + Level 2.8 Dodging
 + Level 6.2 Stealth


You had 4 spell levels left.
You didn't know any spells.
Your spell library was empty.

Dungeon Overview and Level Annotations

Branches:
Dungeon (3/15)

Altars:
Kikubaaqudgha


Innate Abilities, Weirdness & Mutations

You are small and have problems with some larger weapons.
You are completely attuned to the shadows.


Message History

You throw a stone. The stone hits the gnoll.
You kill the gnoll!
You feel your intelligence returning.
Aiming: Iceblast
Press: ? - help, Shift-Dir - straight line, f - orc
Aim: an orc, wielding a +0 short sword and wearing a +0 leather armour The mass of ice explodes!
The iceblast engulfs the orc!
You kill the orc!
You hear a bark!
You hear a shout!
d - a poisoned dart
Items here: )) [ †.
Okay, then.
A gnoll comes into view. It is wielding a +0 spear.
You see here a poisoned dart.
d - 2 poisoned darts (gained 1) Throw: 2 darts (poison)
Press: ? - help, Q - select action, (/) - cycle Shift-Dir - straight line, f - gnoll
Aim: a gnoll, wielding a +0 spear (65% to hit)
You throw a poisoned dart. The poisoned dart hits the gnoll.
The gnoll is poisoned.
The gnoll hits you from afar with a +0 spear.
* * * LOW HITPOINT WARNING * * *
The gnoll looks more healthy.
You see here a +0 pair of gloves.
e - a +0 pair of gloves
There is a stone staircase leading down here.
You closely miss the gnoll. You punch the gnoll.
The gnoll is moderately wounded.
The gnoll hits you with a +0 spear.
* * * LOW HITPOINT WARNING * * *
You closely miss the gnoll.
The gnoll is moderately wounded.
The gnoll completely misses you.
You hit the gnoll.
Your weapon exudes an aura of protection.
The gnoll is moderately wounded.
You closely miss the gnoll.
The gnoll is moderately wounded.
The gnoll hits you with a +0 spear.
You die...

#.......###.
#.##.##.# #.
#.##.# # #.
#..).# #. #.÷###
#. #..####. #.
##### #..)....
##
#...####(#####
#@..(....####
....g......(....
≈≈≈≈≈≈≈.().≈≈≈≈≈
≈≈≈≈≈≈≈....≈≈≈≈≈
≈≈≈≈≈≈≈....≈≈≈≈≈
......(......
####''''####
#....# #....#


You could see a gnoll.

Vanquished Creatures
  4 gnolls (D:3)
  3 adders (D:2)
  3 dart slugs
  2 orcs (D:3)
  4 ball pythons
  5 bats
  3 endoplasms
  16 giant cockroaches
  4 goblins
  9 hobgoblins
  5 jackals
  5 kobolds
  3 quokkas
  5 rats
71 creatures vanquished.

Vanquished Creatures (others)
  An orc (D:3)
  A plant (D:3)
2 creatures vanquished.

Grand Total: 73 creatures vanquished

Notes
Turn   | Place    | Note
-------+----------+-------------------------------------------
     0 | D:1      | NinjaNoafa the Kobold Brigand began the quest for the Orb.
     0 | D:1      | Reached XP level 1. HP: 12/12 MP: 1/1
    50 | D:1      | Reached XP level 2. HP: 8/18 MP: 2/2
   328 | D:1      | Reached XP level 3. HP: 11/22 MP: 3/3
  1174 | D:2      | Found an ancient bone altar of Kikubaaqudgha.
  1349 | D:2      | Reached XP level 4. HP: 27/27 MP: 4/4
  1788 | D:2      | Found a faded altar of an unknown god.
  2370 | D:2      | Reached skill level 6 in Stealth
  2370 | D:2      | Reached XP level 5. HP: 6/32 MP: 5/5
  3366 | D:3      | Slain by a gnoll

Illustrated notes

Levels and vault maps discovered:
D:1:      ncdulo_smallfort, layout_loops_ring, chequers_jeans
D:2:      minmay_roachtagon, layout_basic, basic_altar,
          chequers_ecumenical_altar_island
D:3:      lemuel_castle_with_subvaults [lemuel_castle_interior_carwin_2],
          layout_loops_cross, gammafunk_ghost_grave

Skill      XL: |  1  2  3  4  5 |
---------------+----------------+-----
Short Blades   | 3 4 |  4.0
Dodging        | 2 |  2.8
Throwing       | 3 |  3.2
Fighting       | 3 |  3.2
Stealth        | 6 |  6.2

Action                   |  1- 3 |  4- 6 || total
-------------------------+-------+-------++-------
Melee: Dagger            |    73 |   176 ||   249
       Punch             |       |     4 ||     4
Throw: Dart              |    19 |    19 ||    38
       Stone             |       |     4 ||     4
Evoke: Wand              |       |     3 ||     3
  Use: Potion            |       |     1 ||     1
       Scroll            |       |     3 ||     3
 Stab: Sleeping          |     9 |     8 ||    17
Armor: Robe              |    12 |    53 ||    65
Dodge: Dodged            |    55 |   169 ||   224
